Map: Void Thrashing

Players

ViS

  • Race: Zerg Zerg

Yuriprime

  • Race: Zerg Zerg
  • Spawn Location: 6:00

VOD

Have the link to the VOD?

Description

Time

  • Played on: Dec. 21, 2017, 5:45 a.m.
  • Length: 8:04
Show
View Real Time Build Order
Export as new Build Order

ViS Zerg 

Build Orders:  

Get SALT Encoding   

  18  0:03  Primal Drone  
  19  0:14  Primal Drone  
  19  0:19  Primal Drone  
  21  0:30  Extractor  
  21  0:53  Primal Warden  
  21  0:58  Primal Drone  
  23  1:03  Primal Drone  
  24  1:10  Primal Drone  
  25  1:40  Primal Drone x3  
  25  1:41  Extractor  
  28  2:01  Glevig's Den  
  27  2:24  Primal Drone x2  
  27  2:26  Primal Drone  
  30  2:55  Primal Drone  
  31  3:04  Primal Drone  
  32  3:15  Primal Warden  
  33  3:22  Primal Drone  
  34  3:44  Primal Drone  
  35  3:50  Murvar's Den  
  34  4:02  Primal Drone  
  34  4:03  Primal Drone  
  36  4:15  Primal Attacks Level 1  
  37  4:20  Primal Warden  
  37  4:49  Primal Drone x2  
  39  4:50  Primal Drone  
  35  5:31  Primal Drone x2  
  37  6:23  Primal Drone x3  
  34  7:19  Primal Zergling  
  35  7:20  Primal Zergling x7  
  35  7:21  Primal Zergling x2  
Show
View Real Time Build Order
Export as new Build Order

Yuriprime Zerg 

Build Orders:  

Get SALT Encoding   

  12  0:04  Drone  
  13  0:19  Overlord  
  13  0:26  Drone  
  14  0:33  Extractor  
  14  0:35  Drone  
  14  0:46  Drone  
  14  0:48  Drone  
  16  0:55  Drone  
  17  1:01  Drone  
  17  1:08  Extractor  
  17  1:28  Roach Warren  
  16  1:31  Drone  
  16  1:36  Drone  
  18  1:58  Lair  
  18  2:35  Spire  
  17  2:56  Drone  
  18  3:00  Mutalisk  
  18  3:06  Roach  
  22  3:10  Overlord  
  22  3:28  Mutalisk  
  22  3:36  Mutalisk  
  24  3:56  Leviathan  
  24  4:05  Mutalisk  
  24  4:06  Roach x2  
  24  4:07  Mutalisk  
  30  4:35  Leviathan  
  30  4:47  Mutalisk  
  30  5:15  Leviathan  
  30  5:22  Overlord x3  
  30  5:27  Roach  
  30  5:37  Roach  
  30  5:42  Roach  
  30  5:49  Brutalisk  
  30  5:59  Brutalisk  
  30  6:04  Brutalisk  
  30  6:11  Spore Crawler  
  30  6:12  Spore Crawler x2  
  30  6:13  Spore Crawler x2  
  30  6:14  Spore Crawler  
  24  6:43  Spore Crawler  
  24  6:45  Roach  
Tags
 
Add a new tag
Caveats
  • Supply blocks, unpowered buildings, or Contaminate may cause inaccurate times.
  • Supply counts are checked every 10 seconds.